 Dungeon Crawl Stone Soup version 0.30-a0-165-g1891117ce2 (webtiles) character file.

Game seed: 16884887864544038009

24 qw the Shield-Bearer (level 3, 0/23 HPs)
             Began as a Gargoyle Fighter on Sept 28, 2022.
             Slain by an ice beast (14 damage)
             ... on level 3 of the Dungeon.
             The game lasted 00:00:27 (1802 turns).

qw the Shield-Bearer (Gargoyle Fighter)             Turns: 1802, Time: 00:00:27

Health: 0/23       AC: 13    Str: 21    XL:     3   Next: 2%
Magic:  3/3        EV:  7    Int:  8    God:
Gold:   31         SH:  4    Dex:  9    Spells: 2/2 levels left

rFire   . . .      SeeInvis .    Y - +0 war axe
rCold   . . .      Faith    .    c - +0 buckler
rNeg    + . .      Spirit   .    e - +0 chain mail
rPois   inf        Reflect  .    (no helmet)
rElec   +          Harm     .    (no cloak)
rCorr   .          Rampage  .    k - +0 pair of gloves
Will    .....                    (no boots)
Stlth   ..........               (no amulet)
HPRegen 0.07/turn                (no ring)
MPRegen 0.08/turn                (no ring)

@: no status effects
A: sickness immunity, AC +3, negative energy resistance 1, electricity
resistance, torment resistance 1, petrification resistance
a: no special abilities


You were on level 3 of the Dungeon.
You visited 1 branch of the dungeon, and saw 3 of its levels.

You collected 74 gold pieces.
You spent 43 gold pieces at shops.


Innate Abilities, Weirdness & Mutations

You are immune to sickness and miasma.
Your stone body is resilient. (AC +3)
You are immune to poison.
You resist negative energy. (rN+)
You are resistant to electric shocks. (rElec)
You are resistant to unholy torment.
You are immune to petrification.


   Skills:
 - Level 3.2 Fighting
 + Level 3.1 Axes
 - Level 3.2 Armour
 - Level 3.2 Shields


You had 2 spell levels left.
You didn't know any spells.
Your spell library was empty.

Inventory:

Hand Weapons
 a - a +0 whip
 Y - a +0 war axe (weapon)
Armour
 c - a +0 buckler (worn)
 e - a +0 chain mail (worn)
 k - a +0 pair of gloves (worn)
Scrolls
 f - a scroll of butterflies {unknown}
 g - a scroll of teleportation {unknown}
Potions
 b - a potion of invisibility {unknown}
 d - a potion of might
 h - a potion of attraction {unknown}
 j - a potion of curing {unknown}
 l - a potion of magic {unknown}

Dungeon Overview and Level Annotations

Branches:
Dungeon (3/15)

Altars:

Shops:
D:2 *


Message History

You closely miss the frilled lizard.
The frilled lizard bites you but does no damage.
You slash the frilled lizard!
You kill the frilled lizard!
Found a chain mail.
You open the door.
Found a stone staircase leading down.
There is an open door here.
There is a stone staircase leading down here.
You open the door.
Found a stone staircase leading up.
Enter note: A kobold comes into view. It is wielding a +0 whip.
A sourceless malevolence fills the Dungeon...
You fall into a shaft and drop 1 floor!
The shaft crumbles and collapses.
Found 5 gold pieces.
Found a stone staircase leading down.
Existing waypoints: (1) D:2 (2) D:1 Assign waypoint to what number? (0-9, D - delete waypoint) Waypoint 2 re-assigned from D:1 to D:3.
Found an escape hatch in the ceiling.
You now have 31 gold pieces (gained 5).
An ice beast comes into view.
Found 5 gold pieces.
You hit the ice beast but do no damage. The ice beast completely misses you.
You closely miss the ice beast.
The ice beast hits you but does no damage.
You hit the ice beast.
The ice beast is lightly wounded.
The ice beast hits you. The ice beast freezes you.
The ice beast barely misses you.
You barely miss the ice beast.
The ice beast is lightly wounded.
The ice beast hits you but does no damage.
You hit the ice beast.
The ice beast is moderately wounded.
The ice beast hits you. The ice beast freezes you!
Ouch! That really hurt!
You die...

...........##
...........
...<....$
...>... .....
... #Y# #@# #
#.###.####
#.#.........
#.......###.
#########


You could see an ice beast.

Vanquished Creatures
  2 endoplasms (D:2)
  A giant cockroach (D:1)
  2 goblins
  3 hobgoblins (D:2)
  2 jackals (D:1)
  A quokka (D:1)
  4 ball pythons
  2 bats (D:1)
  3 frilled lizards
  A kobold (D:2)
  2 rats
23 creatures vanquished.

Notes
Turn   | Place    | Note
-------+----------+-------------------------------------------
     0 | D:1      | qw the Gargoyle Fighter began the quest for the Orb.
     0 | D:1      | Reached XP level 1. HP: 14/14 MP: 1/1
     0 | D:1      | 0 ||| qw: Version: 0.2-a-12-gaebbb33
     0 | D:1      | 0 ||| qw: Game counter: 869
     0 | D:1      | 0 ||| qw: Always use a shield: true
     0 | D:1      | 0 ||| qw: God list: Okawaru
     0 | D:1      | 0 ||| qw: Allow faded altars: false
     0 | D:1      | 0 ||| qw: Do Orc after D:15 true
     0 | D:1      | 0 ||| qw: Do second Lair branch before Depths: true
     0 | D:1      | 0 ||| qw: Lair rune preference: random
     0 | D:1      | 0 ||| qw: Plans: Normal, Zot:1-4, God:TSO, Crypt, Tomb,
                  | Pan, Slime:5, Hells, Abyss, Orb
     0 | D:1      | 0 ||| PLANNING D:1-11
   534 | D:1      | Reached XP level 2. HP: 18/19 MP: 2/2
  1138 | D:1      | 1138 ||| UPGRADING to +0 chain mail.
  1148 | D:1      | 1148 ||| DROPPING +0 scale mail.
  1149 | D:1      | 1149 ||| UPGRADING to +0 pair of gloves.
  1154 | D:1      | 1154 ||| READING scroll labelled ROXIBARHEI.
  1155 | D:1      | 1155 ||| READING 3 scrolls labelled UNWESHR LEORRAC.
  1156 | D:1      | 1156 ||| READING scroll labelled FISEKLI OTWUP.
  1157 | D:1      | 1157 ||| DROPPING 2 scrolls of noise.
  1387 | D:2      | 1387 ||| FLEEEEING.
  1538 | D:2      | 1538 ||| DROPPING +0 club.
  1556 | D:2      | 1556 ||| Stepping ~*~*~tactically~*~*~ (stealth).
  1582 | D:2      | Found Jolergh's Assorted Antiques.
  1602 | D:2      | Reached skill level 3 in Axes
  1605 | D:2      | 1605 ||| BUYING amethyst potion (20 gold).
  1605 | D:2      | Bought an amethyst potion for 20 gold pieces
  1605 | D:2      | 1605 ||| SHOPLISTING runed flail (149 gold, have 40).
  1605 | D:2      | 1605 ||| BUYING scroll labelled ESKENABRUY (23 gold).
  1605 | D:2      | Bought a scroll labelled ESKENABRUY for 23 gold pieces
  1605 | D:2      | 1605 ||| SHOPLISTING scroll labelled ZEIPPI YLOER (23 gold,
                  | have 17).
  1605 | D:2      | 1605 ||| SHOPLISTING shiny helmet (172 gold, have 17).
  1605 | D:2      | 1605 ||| SHOPLISTING shiny kite shield (172 gold, have 17).
  1647 | D:2      | Reached XP level 3. HP: 15/23 MP: 3/3
  1791 | D:2      | You fall into a shaft and drop 1 floor!
  1796 | D:3      | Noticed an ice beast
  1802 | D:3      | Slain by an ice beast

Levels and vault maps discovered:
D:1:      eino_arrival_cavern_e, layout_basic
D:2:      layout_basic, serial_shops, shop, nicolae_shop_statue_plus,
          nicolae_shop_advertising_works [nicolae_subvault_shop_adworks], shop
D:3:      layout_loops_ring, mainiacjoe_overflow_concentric_impassable,
          hellmonk_ecumenical_altar_watching_god, uniq_crazy_yiuf_cottage,
          uniq_grinder, uniq_natasha, uniq_sigmund

Skill      XL: |  1  2 |
---------------+-------+-----
Axes           | 2 3 |  3.1
Fighting       | |  3.2
Armour         | |  3.2
Shields        | |  3.2

Action                   || total
-------------------------++-------
Melee: War axe           ||    81
  Use: Scroll            ||     3
Armor: Scale mail        ||    23
       Chain mail        ||    13
Dodge: Dodged            ||    35
Block: Buckler           ||    17

Table legend:
 A = Non-vault XP
 B = Vault XP
 C = Vault XP percentage of total XP
 D = Non-vault monster count
 E = Vault monster count
 F = Vault count percentage of total count
                 A         B        C        D         E       F
            +---------+---------+-------+---------+---------+-------
      Total |      35 |       0 |   0.0 |      23 |       0 |   0.0
            +---------+---------+-------+---------+---------+-------
        D:1 |      18 |       0 |   0.0 |      12 |       0 |   0.0
        D:2 |      17 |       0 |   0.0 |      11 |       0 |   0.0
            +---------+---------+-------+---------+---------+-------
